 Dungeon Crawl Stone Soup version 0.27-a0-577-ge2a43ba0c9 (webtiles) character file.

Game seed: 12558543861981701923

228098 siradein the Warrior (level 18, -11/166 HPs)
             Began as a Grey Draconian Gladiator on Mar 8, 2021.
             Was the Champion of Wu Jian.
             Killed from afar by a shock serpent (12 damage)
             ... with a bolt of electricity
             ... on level 3 of the Snake Pit on Mar 9, 2021.
             The game lasted 04:24:41 (44181 turns).

siradein the Warrior (Grey Draconian Gladiator)    Turns: 44181, Time: 04:24:43

Health: -11/166    AC: 23    Str: 23    XL:     18   Next: 69%
Magic:  26/26      EV: 27    Int: 18    God:    Wu Jian [******]
Gold:   559        SH: 20    Dex: 22    Spells: 20/28 levels left

rFire    . . .     SeeInvis .   V - +8 scimitar "Impuoco" {vorpal, Str+4 Dex+4}
rCold    + . .     Faith    .   w - +5 kite shield {rPois}
rNeg     + . .     Spirit   .   (armour unavailable)
rPois    +         Reflect  .   B - +2 hat {Will+}
rElec    .         Harm     .   p - +1 cloak of Starlight {*Dazzle EV+4 Stlth--}
rCorr    .         Rampage  .   F - +2 pair of gloves
Will     ++++.                  f - +0 pair of boots
Stlth    ..........             m - amulet of regeneration
HPRegen  1.37/turn              W - ring of Iqamm {rC+ rN+ Int+6}
MPRegen  0.20/turn              U - ring of the Mage {Wiz Will++ Int+3}

@: no status effects
A: unfitting armour, sense surroundings 2, unbreathing 2, cold-blooded, AC +15
}: 1/15 runes: barnacled
a: Renounce Religion, Wall Jump, Serpent's Lash, Heavenly Storm


You were on level 3 of the Snake Pit.
You worshipped Wu Jian.
Wu Jian was exalted by your worship.
You visited 6 branches of the dungeon, and saw 32 of its levels.
You also visited: Sewer and Ice Cave.

You collected 3266 gold pieces.
You spent 2707 gold pieces at shops.

Inventory:

Hand Weapons
 g - a +3 falchion of freezing
 T - a +6 scimitar of flaming
 V - the +8 scimitar "Impuoco" (weapon) {vorpal, Str+4 Dex+4}
   (You found it on level 12 of the Dungeon)

   It inflicts extra damage upon your enemies.
   It affects your strength (+4).
   It affects your dexterity (+4).
Missiles
 q - 48 javelins (quivered)
 s - 31 curare-tipped darts
 x - 26 silver javelins
Armour
 f - a +0 pair of boots (worn)
 p - the +1 cloak of Starlight (worn) {*Dazzle EV+4 Stlth--}
   (You found it on level 4 of the Dungeon)

   It affects your evasion (+4).
   It makes you much less stealthy.
 w - a +5 kite shield of poison resistance (worn)
 B - a +2 hat of willpower (worn)
 F - a +2 pair of gloves (worn)
Jewellery
 e - a ring of ice
 m - an amulet of regeneration (around neck)
 J - a ring of fire
 P - a ring of protection from fire
 U - the ring of the Mage (right hand) {Wiz Will++ Int+3}
   (You found it on level 12 of the Dungeon)

   [ring of wizardry]

   It improves your spell success rate.
   It affects your intelligence (+3).
   It affects your willpower, your defense against some magical effects.
 W - the ring of Iqamm (left hand) {rC+ rN+ Int+6}
   (You found it on level 12 of the Dungeon)

   [ring of intelligence]

   It affects your intelligence (+6).
   It protects you from cold.
   It protects you from negative energy.
Wands
 b - a wand of digging (3)
 l - a wand of charming (5)
 z - a wand of mindburst (86)
 A - a wand of polymorph (28)
 G - a wand of acid (12)
 K - a wand of iceblast (22)
 L - a wand of random effects (16)
 R - a wand of flame (26)
 Z - a wand of paralysis (12)
Scrolls
 a - 6 scrolls of amnesia
 i - 12 scrolls of teleportation
 n - 3 scrolls of silence
 o - 3 scrolls of fear
 r - 10 scrolls of fog
 t - 3 scrolls of magic mapping
 y - 6 scrolls of immolation
 E - 4 scrolls of blinking
 I - a scroll of summoning
 X - 5 scrolls of identify
Potions
 d - 7 potions of haste
 h - a potion of ambrosia
 j - 7 potions of heal wounds
 u - 3 potions of invisibility
 v - 18 potions of curing
 C - 7 potions of might
 D - 3 potions of resistance
 H - 8 potions of flight
 N - 2 potions of magic
 O - 3 potions of brilliance
 S - a potion of berserk rage
Miscellaneous
 c - a box of beasts
 k - a lightning rod (4/4)
 M - a tin of tremorstones (2/2)
 Q - a tin of tremorstones (2/2)
 Y - a condenser vane


   Skills:
 + Level 16.2 Fighting
 - Level 14.1 Long Blades
 + Level 8.3 Throwing
 + Level 14.1 Dodging
 + Level 16.0 Shields
 + Level 5.8 Spellcasting
 + Level 2.0 Conjurations
 + Level 9.0 Translocations
 + Level 2.1 Poison Magic
 + Level 9.5 Evocations


You had 20 spell levels left.
You knew the following spells:

 Your Spells              Type           Power      Damage    Failure   Level
a - Blink                 Tloc           N/A        N/A       1%          2
b - Portal Projectile     Hex/Tloc       42%        N/A       2%          3
c - Mephitic Cloud        Conj/Pois/Air  10%        N/A       9%          3

Your spell library contained the following spells:

 Spells                   Type           Power      Damage    Failure   Level
 Apportation              Tloc           74%        N/A       1%          1
 Gell's Gravitas          Tloc           18%        N/A       1%          3
 Lesser Beckoning         Tloc           18%        N/A       1%          3
 Magic Dart               Conj           48%        1d5       2%          1
 Foxfire                  Conj/Fire      32%        2x1d5     3%          1
 Shock                    Conj/Air       32%        1d5       3%          1
 Sting                    Tmut/Pois      36%        1d4       3%          1
 Corona                   Hex            5%         N/A       4%          1
 Freeze                   Ice            20%        1d4       4%          1
 Summon Small Mammal      Summ           20%        N/A       4%          1
 Poisonous Vapours        Pois/Air       18%        N/A       4%          2
 Call Imp                 Summ           5%         N/A       8%          2
 Slow                     Hex            5%         N/A       8%          2
 Swiftness                Air            5%         N/A       8%          2
 Conjure Flame            Conj/Fire      8%         6-21      10%         3
 Static Discharge         Conj/Air       8%         N/A       10%         3
 Ignite Poison            Fire/Tmut/Pois 7%         N/A       12%         3
 Call Canine Familiar     Summ           5%         N/A       16%         3
 Confusing Touch          Hex            5%         N/A       16%         3
 Inner Flame              Hex/Fire       5%         N/A       16%         3
 Summon Guardian Golem    Hex/Summ       5%         N/A       16%         3
 Tukima's Dance           Hex            5%         N/A       16%         3
 Olgreb's Toxic Radiance  Pois           12%        N/A       21%         4
 Sticky Flame             Conj/Fire      8%         2d3       32%         4
 Airstrike                Air            2%         N/A       43%         4
 Cause Fear               Hex            2%         N/A       43%         4
 Leda's Liquefaction      Hex/Erth       2%         N/A       43%         4
 Petrify                  Tmut/Erth      5%         N/A       43%         4
 Summon Ice Beast         Ice/Summ       5%         N/A       43%         4
 Summon Lightning Spire   Summ/Air       5%         N/A       43%         4
 Alistair's Intoxication  Tmut/Pois      6%         N/A       61%         5
 Fireball                 Conj/Fire      4%         3d4       63%         5
 Lightning Bolt           Conj/Air       4%         1d15      63%         5
 Metabolic Englaciation   Hex/Ice        2%         N/A       77%         5
 Yara's Violent Unravell  Hex/Tmut       2%         3d3       77%         5
 Invisibility             Hex            5%         N/A       99%         6
 Malign Gateway           Summ/Tloc      10%        N/A       99%         7
 Haunt                    Necr/Summ      2%         N/A       100%        7
 Monstrous Menagerie      Summ           2%         N/A       100%        7
 Summon Horrible Things   Summ           2%         N/A       100%        8


Dungeon Overview and Level Annotations

Branches:
Dungeon (15/15)            Temple (1/1) D:7            Lair (6/6) D:8
 Shoals (4/4) Lair:2        Snake (4/4) Lair:2        Slime (0/5) Lair:6
    Orc (2/2) D:10            Elf (0/3) Orc:2        Vaults (0/5) D:14
 Depths (0/5) D:15          Sewer (visited)           IceCv (visited)

Altars:
Ashenzari
Cheibriados
Dithmenos
Elyvilon
Fedhas
Gozag
Hepliaklqana
Kikubaaqudgha
Makhleb
Nemelex Xobeh
Okawaru
Qazlal
Ru
Sif Muna
Trog
Uskayaw
Vehumet
Wu Jian
Xom
Yredelemnul
Zin
The Shining One
Beogh
Jiyva

Shops:
D:6 [   D:8 [   Orc:2 !!(!(=(**(   Snake:2 (=:((

Annotations:
Lair:2 exclusion: 2 oklob plants
Snake:1 Roxanne


Innate Abilities, Weirdness & Mutations

Your dull iron-grey scales are very hard. (AC +15)
You cannot fit into any form of body armour.
You can survive without breathing, even under water.
You are cold-blooded and may be slowed by cold attacks.
You passively map the area around you.


Message History

There is a stone staircase leading down here.
You spin and attack the shock serpent.
You hit the shock serpent.
The shock serpent is lightly wounded.
You spin and attack the nagaraja.
You hit the nagaraja.
The nagaraja is heavily wounded.
You block the shock serpent's attack. The nagaraja hits you with a +0 whip.
* * * LOW HITPOINT WARNING * * *
You block the nagaraja's attack.
The shock serpent bites you but does no damage.
You spin and attack the shock serpent repeatedly.
You slash the shock serpent!
The shock serpent is moderately wounded.
You completely miss the shock serpent. You tail-slap the shock serpent.
The shock serpent is moderately wounded.
The shock serpent's electric aura discharges, shocking you!
* * * LOW HITPOINT WARNING * * *
You block the shock serpent's attack.
You slash the nagaraja!
The nagaraja is severely wounded.
The nagaraja gestures at you while chanting.
The bolt of poison hits you! You resist.
* * * LOW HITPOINT WARNING * * *
You block the shock serpent's attack.
You slash the nagaraja!
The nagaraja is almost dead.
The nagaraja spits poison at you. You block the splash of poison.
The shock serpent bites you but does no damage.
You slice the nagaraja!!
You kill the nagaraja!
The Council accepts your kill. You block the shock serpent's attack.
Your Translocations skill increases to level 9!
You hit the shock serpent. You tail-slap the shock serpent.
The shock serpent is heavily wounded.
The shock serpent shoots out a bolt of lightning at you!
The bolt of electricity hits you!!
* * * LOW HITPOINT WARNING * * *
The bolt of electricity hits you!
You die...

#.######..##...
#.# #.##....
#.# ###...##
#.# #...### #.#
##..#### #.#
#...# #. #.#
#<.8# #.
####.### #..)#
#. #@.....#
##..####
#S)....#
#...###
#.>....#
##...##
#.....## ##....
#####.# ##...
#.# #####.. #.#
#...### #.#
##.### # #.##
#..# ##


You could see a shock serpent.

Vanquished Creatures
  Bai Suzhen (Shoals:4)
  Rupert (Snake:1)
  Gastronok (D:9)
  4 krakens
  Frances (D:13)
  Kirke (D:12)
  4 nagarajas
  A fire giant (D:12)
  Aizul (Snake:2)
  A slime creature (D:15)
  Nessos (D:12)
  Azrael (D:12)
  A minotaur (Shoals:3)
  3 merfolk javelineers
  7 merfolk impalers
  3 fire dragons
  The ghost of niangp the Cleaver, a journeyman MiBe of Trog (D:11)
  Harold (D:8)
  A rakshasa (D:14)
  8 vault guards (D:14)
  2 boulder beetles (Lair:6)
  12 naga warriors
  11 hydras
  An ice dragon (D:15)
  2 ogre magi (D:15)
  An alligator snapping turtle (Shoals:4)
  3 merfolk aquamancers
  2 centaur warriors
  A death knight (D:15)
  3 satyrs (Shoals:3)
  8 anacondas
  7 tengu warriors
  10 two-headed ogres
  17 death yaks
  A deep troll earth mage (D:12)
  2 shock serpents
  5 naga sharpshooters
  Nergalle (D:10)
  An unseen horror (D:12)
  9 sea snakes
  6 naga ritualists
  A swamp dragon (Lair:6)
  23 harpies
  8 orc knights
  A wolf spider zombie (D:14)
  Pikel (D:8)
  2 deep elf pyromancers
  12 mana vipers
  5 cyclopes
  13 fauns
  10 ugly things
  19 manticores
  7 salamanders
  10 merfolk sirens
  5 elephants
  A guardian serpent (Snake:2)
  11 naga magi
  7 water nymphs
  10 cane toads
  A torpor snail (Lair:6)
  The ghost of Demosthentine the Poker, a novice MfGl of the Shining One (D:6)
  29 black mambas
  3 gargoyles
  8 komodo dragons
  A tengu conjurer (D:13)
  2 kobold demonologists
  8 rime drakes
  2 ice devils (Lair:2)
  4 trolls
  13 polar bears
  25 merfolk
  6 wind drakes
  Prince Ribbit (D:5)
  4 meliai (Shoals:3)
  A hornet (D:10)
  39 blink frogs
  9 snapping turtles
  4 raiju (Lair:6)
  6 dream sheep
  Sigmund (D:1)
  2 shadows
  3 wraiths
  5 wyverns
  6 water elementals (Shoals:3)
  6 hogs
  3 fire elementals (D:12)
  4 basilisks
  45 yaks
  A human (shapeshifter) (D:15)
  2 humans (D:9)
  3 vampire mosquitoes
  3 steam dragons
  14 wargs
  32 nagas
  A soldier ant (D:13)
  4 acid dragons
  11 water moccasins
  14 hell hounds
  Duvessa (D:5)
  12 black bears
  53 orc warriors
  A swamp drake (Lair:6)
  13 ice beasts
  7 sky beasts
  41 wolves
  11 centaurs
  18 ogres
  4 phantoms
  16 kobold brigands
  2 gnoll sergeants
  A wyvern zombie (D:10)
  20 bullfrogs
  Dowan (D:5)
  5 scorpions
  27 wights
  A howler monkey (D:12)
  An electric eel (D:14)
  3 bullfrog zombies
  A quasit (D:7)
  2 centaur zombies
  2 hounds
  5 jellies
  4 centaur skeletons
  25 orc priests
  2 bullfrog skeletons
  10 iguanas
  29 orc wizards
  8 worker ants
  2 bullfrog simulacra (D:11)
  3 centaur simulacra (D:11)
  A hound zombie (D:11)
  A hound skeleton (D:11)
  9 gnolls
  15 adders
  4 river rats (Sewer)
  5 shadow imps
  4 white imps
  2 oozes (Sewer)
  3 adder skeletons
  An adder zombie (D:5)
  7 worms
  A dart slug (D:4)
  4 leopard geckos
  98 orcs
  4 bats
  20 giant cockroaches
  11 goblins
  6 hobgoblins
  5 jackals
  23 kobolds
  5 quokkas
  7 ball pythons
  A ball python skeleton (D:5)
  3 frilled lizards
  A jackal skeleton (D:7)
  A jackal zombie (D:7)
  A leopard gecko skeleton (D:4)
  A leopard gecko zombie (D:6)
  13 rats
  11 tentacles
1220 creatures vanquished.

Vanquished Creatures (others)
  A blink frog (Lair:6)
  A yak (D:12)
  A wight (D:12)
  22 fungi
  119 plants
  43 tentacles
187 creatures vanquished.

Grand Total: 1407 creatures vanquished

Notes
Turn   | Place    | Note
-------+----------+-------------------------------------------
     0 | D:1      | siradein the Draconian Gladiator began the quest for the
                  | Orb.
     0 | D:1      | Reached XP level 1. HP: 17/17 MP: 1/1
   229 | D:1      | Reached XP level 2. HP: 24/24 MP: 2/2
   732 | D:1      | Reached XP level 3. HP: 27/29 MP: 3/3
   818 | D:2      | Found an opulent altar of Gozag.
  1006 | D:2      | Noticed Sigmund
  1367 | D:3      | Reached XP level 4. HP: 29/36 MP: 4/4
  2717 | D:4      | Reached XP level 5. HP: 41/41 MP: 5/5
  3354 | D:4      | Identified the +3 ring mail "Ceupex" {*Drain +Inv rN+++
                  | Str-5}
  3459 | D:4      | Found the +1 cloak of Starlight {*Dazzle EV+4 Stlth--}
  3588 | D:1      | Killed Sigmund
  3589 | D:1      | Reached skill level 5 in Long Blades
  3589 | D:1      | Reached XP level 6. HP: 40/48 MP: 6/6
  3649 | D:5      | Entered Level 5 of the Dungeon
  3710 | D:5      | Found a glowing drain.
  3715 | Sewer    | Entered a sewer
  3999 | Sewer    | Reached skill level 5 in Throwing
  3999 | Sewer    | Your scales start taking on a dull iron-grey colour.
  3999 | Sewer    | Reached XP level 7. HP: 23/55 MP: 7/7
  3999 | Sewer    | Gained mutation: You can survive without breathing. [Grey
                  | Draconian growth]
  3999 | Sewer    | Gained mutation: You can survive without breathing, even
                  | under water. [Grey Draconian growth]
  4758 | D:5      | Noticed Duvessa
  4772 | D:5      | Killed Duvessa
  4773 | D:5      | Found a bloodstained altar of Trog.
  4839 | D:5      | Noticed Dowan
  4856 | D:5      | Found a shimmering blue altar of Sif Muna.
  4870 | D:5      | Killed Dowan
  4871 | D:5      | Reached XP level 8. HP: 52/61 MP: 8/8
  4922 | D:5      | Identified Sif Muna's Catalogue of Frigorific Intoxication
  4940 | D:5      | Noticed Prince Ribbit
  4985 | D:5      | Killed Prince Ribbit
  5134 | D:5      | Found a glowing silver altar of Zin.
  5378 | D:5      | Found a hazy altar of Hepliaklqana.
  5437 | D:6      | Found a broken altar of Ashenzari.
  5462 | D:6      | Reached skill level 1 in Shields
  5875 | D:6      | Reached XP level 9. HP: 67/67 MP: 9/9
  6686 | D:6      | Found Pilihaex's Antique Armour Shop.
  7135 | D:7      | Reached skill level 10 in Long Blades
  7184 | D:7      | Identified the +2 chain mail "Zaneruef" {MP+9 Int+2}
  7308 | D:7      | Found a white marble altar of Elyvilon.
  7469 | D:7      | Found a staircase to the Ecumenical Temple.
  7575 | Temple   | Entered the Ecumenical Temple
  7656 | Temple   | Became a worshipper of the Wu Jian Council
  7845 | D:7      | Found a shimmering altar of Xom.
  8014 | D:8      | Found Uratz's Antique Armour Shoppe.
  8248 | D:6      | Reached skill level 5 in Shields
  8281 | D:6      | Found a snail-covered altar of Cheibriados.
  8335 | D:6      | Found a runed translucent gate.
  8335 | D:6      | Found a runed translucent gate.
  8335 | D:6      | Found a runed translucent gate.
  8337 | D:6      | Noticed a kobold demonologist
  8338 | D:6      | Noticed Demosthentine's ghost (novice MfGl)
  8877 | D:8      | Bought a glowing kite shield for 165 gold pieces
  8922 | D:8      | Reached XP level 10. HP: 48/73 MP: 10/10
  9330 | D:8      | Found a transporter.
  9347 | D:8      | Found a transporter.
  9357 | D:8      | Noticed Harold
  9534 | D:8      | Killed Harold
  9788 | D:8      | Noticed Pikel
  9806 | D:8      | Killed Pikel
  9923 | D:8      | Found a staircase to the Lair.
  9923 | D:8      | Noticed an elephant
  9997 | D:7      | Reached * piety under Wu Jian
 10285 | D:8      | Killed an elephant
 10544 | D:9      | Noticed a two-headed ogre
 10801 | D:8      | Killed a two-headed ogre
 11026 | D:9      | Reached XP level 11. HP: 73/79 MP: 11/11
 11330 | D:9      | Found an iron altar of Okawaru.
 11472 | D:9      | Noticed Gastronok
 12874 | D:6      | Killed Demosthentine's ghost
 13218 | D:9      | Reached ** piety under Wu Jian
 13475 | D:9      | Reached skill level 10 in Shields
 13548 | Lair:1   | Entered Level 1 of the Lair of Beasts
 14014 | Lair:1   | Noticed a five-headed hydra
 14591 | D:9      | Killed Gastronok
 14638 | D:10     | Entered Level 10 of the Dungeon
 14734 | D:10     | Reached XP level 12. HP: 82/85 MP: 12/12
 14910 | D:10     | Reached *** piety under Wu Jian
 14934 | D:10     | Noticed Nergalle
 14998 | D:10     | Killed Nergalle
 15252 | D:10     | Found a staircase to the Orcish Mines.
 16545 | Lair:2   | Found a staircase to the Snake Pit.
 16689 | Lair:2   | Reached skill level 5 in Fighting
 16693 | Lair:2   | Reached **** piety under Wu Jian
 16763 | Lair:2   | Found a frozen archway.
 16791 | Lair:2   | Reached skill level 5 in Dodging
 16882 | IceCv    | Entered an ice cave
 16891 | IceCv    | Found a transporter.
 17679 | Lair:2   | Found a staircase to the Shoals.
 17854 | Lair:2   | Gained mutation: You passively map a small area around you.
                  | [potion of mutation]
 17854 | Lair:2   | Gained mutation: You passively map the area around you.
                  | [potion of mutation]
 18123 | Lair:3   | Noticed a death yak
 18128 | Lair:3   | Noticed a death yak
 18129 | Lair:3   | Noticed a death yak
 18131 | Lair:3   | Noticed a death yak
 18133 | Lair:3   | Noticed a death yak
 18134 | Lair:3   | Noticed a death yak
 18184 | Lair:2   | Killed a death yak
 18277 | Lair:2   | Killed a death yak
 18366 | Lair:3   | Noticed an eight-headed hydra
 18842 | D:11     | Reached XP level 13. HP: 104/104 MP: 13/13
 19229 | D:11     | Found a runed translucent gate.
 19229 | D:11     | Found a runed translucent gate.
 19229 | D:11     | Found a runed translucent gate.
 19588 | D:11     | Noticed niangp's ghost (journeyman MiBe)
 19902 | D:11     | Killed niangp's ghost
 20240 | D:12     | Reached ***** piety under Wu Jian
 20594 | D:12     | Noticed Kirke
 20616 | D:12     | Noticed Nessos
 24193 | Lair:4   | Reached XP level 14. HP: 119/119 MP: 14/14
 24515 | Lair:5   | Reached skill level 10 in Fighting
 25852 | D:12     | Killed Nessos
 25858 | D:12     | Noticed Azrael
 25889 | D:12     | Killed Azrael
 26585 | Orc:1    | Entered Level 1 of the Orcish Mines
 26867 | Orc:1    | Reached ****** piety under Wu Jian
 27121 | Orc:2    | Entered Level 2 of the Orcish Mines
 27121 | Orc:2    | Found a staircase to the Elven Halls.
 27150 | Orc:2    | Found Nuinitovae's Jewellery Shoppe.
 27459 | Orc:2    | Found Zehirepn's Weapon Boutique.
 27459 | Orc:2    | Found Qerorafo's Assorted Antiques.
 27493 | Orc:2    | Bought a scroll of enchant weapon for 180 gold pieces
 27493 | Orc:2    | Bought a wavering bronze ring for 120 gold pieces
 27493 | Orc:2    | Identified the ring of Doubts {rPois Int+2} (You bought it
                  | in a shop on level 2 of the Orcish Mines)
 27693 | Orc:2    | Found Ogeuphem's Weapon Shop.
 27694 | Orc:2    | Found Zoalo's Distillery.
 27751 | Orc:2    | Reached skill level 10 in Dodging
 27942 | Orc:2    | Found Pyceir's Distillery.
 27975 | Orc:2    | Found Ytunesho's Antique Weapon Emporium.
 28084 | Orc:2    | Found Siwnoin's Assorted Antiques.
 28093 | Orc:2    | Found Ocwoa's Antique Weapon Boutique.
 28273 | Orc:2    | Found Ulaylen's Distillery.
 28281 | Orc:2    | Bought a potion of heal wounds for 75 gold pieces
 28281 | Orc:2    | Bought a potion of heal wounds for 75 gold pieces
 28504 | D:12     | Found the ring of the Mage {Wiz Will++ Int+3}
 28504 | D:12     | Noticed a fire giant
 28516 | D:12     | Reached skill level 15 in Shields
 28522 | D:12     | Identified the ring of Iqamm {rC+ rN+ Int+6}
 28841 | Lair:6   | Entered Level 6 of the Lair of Beasts
 29108 | Lair:6   | Reached XP level 15. HP: 120/132 MP: 15/15
 29862 | Lair:6   | Identified the +3 arbalest "Coyrilim" {flame, Will+ Str+5}
 30170 | Lair:6   | Reached skill level 1 in Evocations
 30219 | Lair:6   | Found a viscous altar of Jiyva.
 30219 | Lair:6   | Found a staircase to the Slime Pits.
 30835 | D:12     | Killed a fire giant
 31031 | D:12     | Identified the +8 scimitar "Impuoco" {vorpal, Str+4 Dex+4}
 31039 | D:12     | Identified the +4 flail of Equilibrium {vamp, rN+ Will+
                  | SInv}
 31071 | D:12     | Killed Kirke
 31154 | D:12     | Upgraded the game from 0.27-a0-550-ge92ec0ca06 to
                  | 0.27-a0-562-g0d39f094a4
 31192 | D:13     | Learned a level 2 spell: Blink
 31231 | D:13     | Noticed Frances
 31240 | D:13     | Killed Frances
 31305 | D:13     | Reached skill level 1 in Translocations
 32039 | D:14     | Reached XP level 16. HP: 140/146 MP: 16/16
 32258 | D:14     | Found a gate to the Vaults.
 33053 | D:15     | Entered Level 15 of the Dungeon
 33100 | D:15     | Reached skill level 5 in Evocations
 33871 | D:15     | Reached skill level 5 in Translocations
 33980 | D:15     | Found a staircase to the Depths.
 34454 | Shoals:1 | Entered Level 1 of the Shoals
 34791 | Shoals:1 | Noticed a kraken
 34814 | Shoals:1 | Killed a kraken
 34985 | Shoals:1 | Noticed a kraken
 35025 | Shoals:1 | Killed a kraken
 35026 | Shoals:1 | Reached skill level 15 in Fighting
 35417 | Shoals:2 | Reached skill level 1 in Spellcasting
 36223 | Shoals:3 | Reached XP level 17. HP: 130/156 MP: 19/19
 36284 | Shoals:3 | Upgraded the game from 0.27-a0-562-g0d39f094a4 to
                  | 0.27-a0-577-ge2a43ba0c9
 36342 | Shoals:3 | Noticed a kraken
 36382 | Shoals:3 | Killed a kraken
 36387 | Shoals:3 | Learned a level 3 spell: Portal Projectile
 36515 | Shoals:3 | Found a hide-covered altar of Uskayaw.
 36548 | Shoals:3 | HP: 6/156 [merfolk javelineer/javelin (3)]
 37396 | Shoals:4 | Entered Level 4 of the Shoals
 38187 | Shoals:4 | Identified the +6 mace "Goblin's Undoing" {vorpal, rC+
                  | Dex+4}
 38318 | Shoals:4 | Noticed Bai Suzhen
 38377 | Shoals:4 | Killed Bai Suzhen
 38487 | Shoals:4 | Noticed a kraken
 38733 | Shoals:4 | Killed a kraken
 38791 | Shoals:4 | Got a barnacled rune of Zot
 39109 | Shoals:4 | Identified the +9 hand axe "Killer Bee's Regret" {vorpal,
                  | Will+ Int+4}
 39287 | Snake:1  | Entered Level 1 of the Snake Pit
 39539 | Orc:2    | Bought a potion of curing for 45 gold pieces
 39539 | Orc:2    | Bought a potion of invisibility for 120 gold pieces
 39539 | Orc:2    | Bought a potion of haste for 150 gold pieces
 39539 | Orc:2    | Bought a potion of magic for 120 gold pieces
 39539 | Orc:2    | Bought a potion of curing for 45 gold pieces
 39558 | Orc:2    | Bought a potion of haste for 130 gold pieces
 39558 | Orc:2    | Bought a potion of brilliance for 52 gold pieces
 39558 | Orc:2    | Bought 2 potions of curing for 78 gold pieces
 39558 | Orc:2    | Bought a potion of invisibility for 104 gold pieces
 39558 | Orc:2    | Bought a potion of might for 52 gold pieces
 39558 | Orc:2    | Bought 2 potions of curing for 78 gold pieces
 39558 | Orc:2    | Bought a potion of invisibility for 104 gold pieces
 39558 | Orc:2    | Bought a potion of curing for 39 gold pieces
 39572 | Orc:2    | Bought a potion of resistance for 150 gold pieces
 39572 | Orc:2    | Bought a potion of curing for 45 gold pieces
 39572 | Orc:2    | Bought a potion of might for 60 gold pieces
 40339 | Orc:2    | Bought a potion of heal wounds for 120 gold pieces
 40339 | Orc:2    | Bought a potion of haste for 240 gold pieces
 40339 | Orc:2    | Bought a metal-bound book for 360 gold pieces
 40588 | Snake:1  | Noticed Rupert
 40606 | Snake:1  | Killed Rupert
 40986 | Snake:1  | Reached XP level 18. HP: 166/166 MP: 24/24
 41342 | Snake:1  | Noticed Roxanne
 41753 | Snake:2  | Found Paon's Weapon Shoppe.
 41785 | Snake:2  | Noticed Aizul
 41807 | Snake:2  | Killed Aizul
 41913 | Snake:2  | Reached skill level 5 in Spellcasting
 42493 | Snake:2  | Found Fodghob's Antique Weapon Emporium.
 42514 | Snake:2  | Found Dugypnor's Antique Weapon Emporium.
 42514 | Snake:2  | Found Dyup's Book Shoppe.
 42523 | Snake:2  | Found Lops's Jewellery Shoppe.
 43134 | Snake:3  | Learned a level 3 spell: Mephitic Cloud
 43487 | Snake:3  | Reached skill level 1 in Poison Magic
 43497 | Snake:3  | Reached skill level 1 in Conjurations
 43736 | Snake:3  | Identified the +3 arbalest of Arest {elec, rF+ rN+ MP-9
                  | Int+3}
 43976 | Snake:4  | Entered Level 4 of the Snake Pit
 44181 | Snake:3  | HP: 1/166 [shock serpent/bolt of electricity (26)]
 44181 | Snake:3  | Killed from afar by a shock serpent

Illustrated notes

Levels and vault maps discovered:
D:1:      psy_arrival_dodecagon, layout_loops_ring
D:2:      minmay_roachtagon, layout_rooms,
          nicolae_gozag_cash_rules_everything_around_me, uniq_sigmund
D:3:      layout_loops_corners, kennysheep_nondescript
D:4:      layout_loops_cross, lemuel_flame_loot_1
D:5:      layout_rooms, nzn_overflow_gifts_of_might_and_magic, zin_treasury,
          nzn_hepliaklqana_mist_gate, portal_sewer_entry_e, uniq_prince_ribbit1
D:6:      black_bear_nest_2, layout_cave_pools, cheibrodos_ashenzari_chains,
          old_standard_altar, serial_shops, nicolae_shop_overgrown_old_shop,
          gammafunk_ghost_nasty_kobolds, hangedman_decor_slide_cut,
          amethyst_killhole
D:7:      layout_basic, elyvilon_altar_3, minmay_temple_entry_glassed_door,
          amcnicky_altar_gilded
D:8:      gammafunk_wand_slinger, layout_cave_pods, david_lair_generic,
          serial_shops, shop, uniq_harold, uniq_pikel
D:9:      layout_loops_cross, okawaru_humans, uniq_gastronok
D:10:     layout_basic, david_orc_3, uniq_nergalle
D:11:     layout_layer_cave, gammafunk_ghost_icy
D:12:     minmay_the_grid_plus [minmay_the_grid_all_tris,
          minmay_the_grid_large_cup, minmay_the_grid_fan,
          minmay_the_grid_expand, minmay_the_grid_prize_diamond_cup],
          layout_irregular_city, minmay_circle_x, uniq_azrael, uniq_nessos,
          uniq_kirke
D:13:     layout_roguey, serial_curves, eino_curves_01, eino_curves_04,
          uniq_frances
D:14:     layout_basic, erik_vaults_2, kennysheep_nub
D:15:     grunt_enter_depths_hoard, layout_loops_corners, bh_walls_and_bars
Temple:   dshaligram_water_room_temple
Lair:1:   layout_cave_pods, chequers_serial_rivers_large_a
Lair:2:   layout_cave_pods, elwin_shoals_entry_rooms,
          guppyfry_snake_entry_garden, portal_ice_cave_demonic_guard,
          minmay_stone_trees_small, minmay_lair_oklob_chamber,
          infiniplex_staircase_pool
Lair:3:   layout_long_grid
Lair:4:   layout_loops_ring, grunt_megastairs_1
Lair:5:   layout_cave_pods
Lair:6:   guppyfry_lair_end_dragon, layout_hall_layers,
          hangedman_lair_caniforms_friends, dpeg_slime_entry_enclosed_altar,
          serial_bayou_shore_a, grunt_megastairs_2
Shoals:1: layout_shoals, nicolae_shoals_kraken_intersection
Shoals:2: layout_shoals
Shoals:3: layout_shoals, regret_index_shoals_crete
Shoals:4: shoals_end_hangedman, layout_shoals, uniq_bai_suzhen
Snake:1:  layout_honeycomb, uniq_rupert, uniq_roxanne
Snake:2:  layout_chambers, serial_shops, shop, nicolae_snake_biting_tails,
          minmay_shoptagon, lemuel_fruit_tree, uniq_aizul
Snake:3:  layout_misc_corridors, grunt_megastairs_5
Snake:4:  snake_pit, layout_cave_town, gammafunk_ghost_split, lemuel_oklob_altar
Orc:1:    cheibrodos_orc_guarddog, layout_diamond_mine
Orc:2:    st_orc_town, layout_caves, serial_shops, shop,
          nicolae_shop_temple_entry_statues_fountains, shop, shop, shop,
          minmay_shop_enchanted_jewellery, mines1_david

Skill      XL: |  1  2  3  4  5  6  7  8  9 10 11 12 13 14 15 16 17 18 |
---------------+-------------------------------------------------------+-----
Throwing       | 2 3 4 5 6 7 8 |  8.3
Long Blades    | 4 5 6 7 9 11 12 14 | 14.1
Shields        | 2 6 9 11 12 14 15 16 | 16.0
Dodging        | 6 8 10 12 13 14 | 14.1
Fighting       | 6 9 12 14 15 16 | 16.2
Evocations     | 4 7 8 9 |  9.5
Translocations | 2 6 8 9 |  9.0
Spellcasting   | 1 4 5 |  5.8
Poison Magic   | 2 |  2.1
Conjurations   | 2 |  2.0

Action                   |  1- 3 |  4- 6 |  7- 9 | 10-12 | 13-15 | 16-18 || total
-------------------------+-------+-------+-------+-------+-------+-------++-------
Melee: Long sword        |    89 |   173 |   502 |    46 |       |       ||   810
       Tailslap          |    14 |    15 |   106 |   339 |   579 |   474 ||  1527
       Falchion          |       |       |       |  1582 |  1360 |    13 ||  2955
       Whip              |       |       |       |       |    48 |       ||    48
       Scimitar          |       |       |       |       |  1283 |  1890 ||  3173
Throw: Boomerang         |       |       |       |     4 |       |     5 ||     9
       Javelin           |       |       |       |       |       |    10 ||    10
       Dart              |       |       |       |       |       |     6 ||     6
 Cast: Portal Projectile |       |       |       |       |       |     6 ||     6
       Blink             |       |       |       |       |       |     1 ||     1
Invok: Lunge             |       |       |     6 |    82 |   106 |   140 ||   334
       Whirlwind         |       |       |       |   221 |   536 |   248 ||  1005
  Use: Scroll            |       |     3 |     3 |    12 |    14 |    11 ||    43
       Potion            |       |       |     1 |     4 |     2 |     4 ||    11
 Stab: Sleeping          |     2 |       |       |       |       |       ||     2
       Invisible         |       |     5 |    30 |    50 |    94 |    76 ||   255
Armor: Skin              |    31 |    47 |   120 |   189 |   308 |   169 ||   864
Dodge: Dodged            |    74 |   131 |   427 |   679 |  1228 |   826 ||  3365
Block: Kite shield       |       |       |   178 |   881 |  1656 |  1316 ||  4031
       Rpst.: Long sword |    30 |    27 |   117 |     3 |       |       ||   177
       Falchion          |       |       |       |   184 |   103 |     1 ||   288
       Scimitar          |       |       |       |       |    93 |   148 ||   241

Table legend: (Time is in decaauts)
 A = Elapsed time spent in this place.
 B = Non-inter-level travel time spent in this place.
 C = Inter-level travel time spent in this place.
 D = Time resting spent in this place.
 E = Time spent auto-exploring this place.
 F = Levels seen in this place.
 G = Mean time per level.
                   A        B        C        D        E       F      G
               +--------+--------+--------+--------+--------+-----+--------+
         Total |  43274 |  39049 |   4225 |   3594 |  22414 |  34 | 1272.8 |
       Dungeon |  23426 |  20840 |   2586 |   3105 |  10646 |  15 | 1561.7 |
        Temple |     94 |     94 |      0 |      0 |     68 |   1 |   94.0 |
          Lair |   8035 |   7175 |    860 |    167 |   4530 |   6 | 1339.2 |
        Shoals |   4637 |   4351 |    286 |    184 |   2820 |   4 | 1159.2 |
     Snake Pit |   3783 |   3665 |    118 |    119 |   2467 |   4 |  945.8 |
  Orcish Mines |   2062 |   1690 |    372 |      2 |   1126 |   2 | 1031.0 |
         Sewer |   1097 |   1097 |      0 |      6 |    741 |   1 | 1097.0 |
      Ice Cave |    137 |    137 |      0 |      9 |     16 |   1 |  137.0 |
               +--------+--------+--------+--------+--------+-----+--------+

Top non-repeatable levels by time:
     D:8: 3495 daAuts
     D:7: 2844 daAuts
  Lair:2: 1896 daAuts
     D:6: 1879 daAuts
     D:9: 1779 daAuts
    D:11: 1672 daAuts
    D:10: 1625 daAuts
Shoals:4: 1622 daAuts
     D:4: 1599 daAuts
 Snake:2: 1548 daAuts
  Lair:1: 1520 daAuts
   Orc:2: 1506 daAuts
  Lair:6: 1475 daAuts
    D:12: 1359 daAuts
Shoals:3: 1293 daAuts
